 Dungeon Crawl Stone Soup version 0.23.0-42-geed6394 (webtiles) character file.

Game seed: 13063867458737411694

1609 Lanoc the Carver (level 8, -1/71 HPs)
             Began as a Minotaur Monk on Feb 28, 2019.
             Was a Believer of Dithmenos.
             Slain by a red ugly thing (11 damage)
             ... on level 6 of the Dungeon.
             The game lasted 00:08:19 (4391 turns).

Lanoc the Carver (Minotaur Monk)                    Turns: 4391, Time: 00:08:20

Health: -1/71      AC:  6    Str: 15 (16) XL:     8   Next: 63%
Magic:  7/7        EV: 20    Int:  7      God:    Dithmenos [**....]
Gold:   313        SH:  0    Dex: 20      Spells: 7/7 levels left

rFire    + . .     SeeInvis .   z - +0 long sword
rCold    + . .     Gourm    .   (no shield)
rNeg     . . .     Faith    .   g - +0 ring mail (curse)
rPois    +         Spirit   .   (helmet restricted)
rElec    .         Reflect  .   n - scarf {rC+ rF+}
rCorr    .         Harm     .   (no gloves)
MR       .....                  (no boots)
Stlth    +++.......             p - amulet of the acrobat
HPRegen  0.21/turn              v - ring of poison resistance
MPRegen  0.10/turn              (no ring)

@: agile, wreathed by umbra
A: retaliatory headbutt, horns 2
a: Shadow Step, Renounce Religion


You were on level 6 of the Dungeon.
You worshipped Dithmenos.
Dithmenos was pleased with you.
You were not hungry.

You visited 2 branches of the dungeon, and saw 7 of its levels.

You collected 313 gold pieces.

Inventory:

Hand Weapons
 z - a +0 long sword (weapon)
Missiles
 d - 36 bolts
 m - 57 sling bullets
 s - 29 arrows
Armour
 g - a cursed +0 ring mail (worn)
 n - a scarf of resistance (worn)
Jewellery
 p - an amulet of the acrobat (around neck)
 v - a ring of poison resistance (left hand)
Wands
 a - a wand of scattershot (6)
 y - a wand of flame (7)
Scrolls
 e - 3 scrolls of immolation {unknown}
 f - 5 scrolls of identify {unknown}
 k - 2 scrolls of remove curse {unknown}
 o - 2 scrolls of teleportation {unknown}
 t - a scroll of magic mapping {unknown}
Potions
 h - 2 potions of might
 i - a potion of brilliance {unknown}
 l - a potion of invisibility {unknown}
 q - a potion of mutation {unknown}
 r - a potion of degeneration
 u - a potion of resistance {unknown}
 w - a potion of flight
Comestibles
 b - 3 chunks of flesh
 c - 6 rations


   Skills:
 + Level 6.9 Fighting
 * Level 9.1 Long Blades
 + Level 5.6 Armour
 + Level 6.3 Dodging
 - Level 1.5 Stealth


You had 7 spell levels left.
You didn't know any spells.
Your spell library was empty.

Dungeon Overview and Level Annotations

Branches:
Dungeon (6/15)             Temple (1/1) D:5

Altars:
Ashenzari
Cheibriados
Dithmenos
Elyvilon
Fedhas
Gozag
Hepliaklqana
Kikubaaqudgha
Makhleb
Nemelex Xobeh
Okawaru
Qazlal
Ru
Sif Muna
Trog
Uskayaw
Vehumet
Wu Jian
Xom
Yredelemnul
Zin
The Shining One

Shops:
D:4 :


Innate Abilities, Weirdness & Mutations

You reflexively headbutt those who attack you in melee.
You have a pair of horns on your head.


Message History

You hit the red ugly thing.
The red ugly thing is lightly wounded.
The red ugly thing barely misses you. You furiously retaliate!
You headbutt the red ugly thing. You barely miss the red ugly thing.
The red ugly thing is moderately wounded.
The red ugly thing tail-slaps you!
You are engulfed in flames!
You resist.
You are too injured to fight recklessly!
You slash the red ugly thing!
The red ugly thing is heavily wounded.
The red ugly thing closely misses you.
You completely miss the red ugly thing.
The red ugly thing is heavily wounded.
The red ugly thing tail-slaps you!
* * * LOW HITPOINT WARNING * * *
You are engulfed in flames!
You resist.
* * * LOW HITPOINT WARNING * * *
You feel agile all of a sudden. The red ugly thing tail-slaps you!
You die...

#...... ########. #.#
#. # #.# #. #.
#.######. ##.#
.##....... ##..)#
...##......
#.....#####.....######.
#.....@u........ #.
#.....##'##.... #.
##...# #.### .### #.
#######.#.#####.#####.
#.##.##...............
#.#...#####.####.#####
#...........# #.#
#.#...####### #.#
#.##.## #.#


You could see a red ugly thing.

Vanquished Creatures
  An unseen horror (D:6)
  Eustachio (D:6)
  2 ice beasts
  A phantom (D:4)
  An ogre (D:4)
  Blork the orc (D:5)
  A scorpion (D:5)
  A gnoll shaman (D:4)
  An orc priest (D:6)
  A hound (D:4)
  2 orc wizards
  Jessica (D:2)
  A bullfrog skeleton (D:4)
  2 worker ants
  7 gnolls
  8 adders
  2 worms (D:4)
  2 dart slugs
  5 leopard geckos
  11 orcs
  4 giant cockroaches
  3 goblins
  6 hobgoblins
  3 jackals (D:4)
  3 quokkas
  4 ball pythons
  8 bats
  5 frilled lizards
  A jackal zombie (D:5)
  6 kobolds
  13 rats
108 creatures vanquished.

Notes
Turn   | Place    | Note
-------+----------+-------------------------------------------
     0 | D:1      | Lanoc the Minotaur Monk began the quest for the Orb.
     0 | D:1      | Reached XP level 1. HP: 19/19 MP: 0/0
    51 | D:1      | Reached XP level 2. HP: 17/27 MP: 1/1
    56 | D:1      | Reached skill level 4 in Long Blades
    74 | D:1      | Reached skill level 1 in Armour
   358 | D:2      | Reached XP level 3. HP: 33/33 MP: 2/2
   477 | D:2      | Noticed Jessica
   482 | D:2      | Killed Jessica
   482 | D:2      | Reached XP level 4. HP: 35/40 MP: 3/3
   626 | D:2      | Reached skill level 5 in Long Blades
  1006 | D:3      | Reached XP level 5. HP: 8/47 MP: 4/4
  1482 | D:3      | Found an opulent altar of Gozag.
  1902 | D:4      | Reached XP level 6. HP: 40/55 MP: 5/5
  2093 | D:4      | Reached skill level 5 in Fighting
  2093 | D:4      | Reached skill level 6 in Long Blades
  2685 | D:4      | Found Ziffurud's Book Shop.
  2892 | D:4      | Reached XP level 7. HP: 37/61 MP: 6/6
  2913 | D:5      | Entered Level 5 of the Dungeon
  2938 | D:5      | Reached skill level 5 in Dodging
  2970 | D:5      | Noticed Blork the orc
  2986 | D:5      | Killed Blork the orc
  2986 | D:5      | Reached skill level 7 in Long Blades
  3148 | D:5      | Found a staircase to the Ecumenical Temple.
  3167 | Temple   | Entered the Ecumenical Temple
  3429 | Temple   | Became a worshipper of Dithmenos the Shadowed
  3429 | Temple   | Reached * piety under Dithmenos
  3429 | Temple   | Reached ** piety under Dithmenos
  3478 | D:5      | Found a shattered altar of Ashenzari.
  3896 | D:6      | Killed an unseen horror
  3896 | D:6      | Reached skill level 8 in Long Blades
  3896 | D:6      | Reached skill level 5 in Armour
  3896 | D:6      | Reached XP level 8. HP: 19/71 MP: 7/7
  4289 | D:6      | Noticed Eustachio
  4303 | D:6      | Killed Eustachio
  4378 | D:6      | Noticed a red ugly thing
  4383 | D:6      | Reached skill level 9 in Long Blades
  4391 | D:6      | Slain by a red ugly thing

Skill      XL: |  1  2  3  4  5  6  7  8 |
---------------+-------------------------+-----
Long Blades    | 4 5 6 8 9 |  9.1
Armour         | 1 2 3 5 |  5.6
Fighting       | 4 5 6 |  6.9
Dodging        | 4 5 6 |  6.3
Stealth        | |  1.5

Action                   |  1- 3 |  4- 6 |  7- 9 || total
-------------------------+-------+-------+-------++-------
Melee: Falchion          |    63 |   146 |    62 ||   271
       Headbutt          |    13 |    31 |    25 ||    69
       Long sword        |       |       |    48 ||    48
  Use: Potion            |       |       |     8 ||     8
 Stab: Sleeping          |     1 |     1 |       ||     2
       Distracted        |       |     1 |       ||     1
  Eat: Chunk             |       |     6 |     5 ||    11
Armor: Robe              |     6 |       |       ||     6
       Ring mail         |    10 |    23 |    24 ||    57
Dodge: Dodged            |    50 |    86 |    86 ||   222
       Rpst.: Falchion   |    18 |    22 |    18 ||    58
       Long sword        |       |       |     5 ||     5
